 Dungeon Crawl Stone Soup version 0.31-a0-217-g58bb5d79cf (webtiles) character file.

Game seed: 2093084512119335942

116 reriks the Firebug (level 5, -3/30 HPs)
             Began as a Gargoyle Fire Elementalist on July 2, 2023.
             Slain by an orc
             ... wielding a +0 flail
              (6 damage)
             ... on level 3 of the Dungeon.
             The game lasted 00:03:31 (5149 turns).

reriks the Firebug (Gargoyle Fire Elementalist)     Turns: 5149, Time: 00:03:31

Health: -3/30      AC:  6    Str: 13    XL:     5   Next: 1%
Magic:  2/8        EV: 12    Int: 16    God:
Gold:   123        SH:  0    Dex: 10    Spells: 7/8 levels left

rFire   . . .        d - +0 mace
rCold   . . .        (no shield)
rNeg    + . .        a - +0 robe
rPois   ∞            (no helmet)
rElec   +            (no cloak)
rCorr   .            (no gloves)
SInv    .            (no boots)
Will    .....        (no amulet)
Stlth   ++           (no ring)
HPRegen 0.25/turn    (no ring)
MPRegen 0.11/turn

%: no passive effects
@: no status effects
A: sickness immunity, AC +4, negative energy resistance 1, electricity
resistance, torment resistance 1, petrification resistance
a: no special abilities


You were on level 3 of the Dungeon.
You visited 1 branch of the dungeon, and saw 3 of its levels.

You collected 123 gold pieces.

Inventory:

Hand Weapons
 c - a +0 dagger
 d - a +0 mace (weapon)
Missiles
 k - 16 poisoned darts
Armour
 a - a +0 robe (worn)
 p - a +0 chain mail
Scrolls
 e - 3 scrolls of teleportation {unknown}
 f - a scroll of enchant weapon {unknown}
 i - 3 scrolls of enchant armour {unknown}
 j - a scroll of identify {unknown}
 l - a scroll of acquirement {unknown}
 m - a scroll of fear {unknown}
 o - a scroll of blinking {unknown}
Potions
 b - a potion of magic
 g - a potion of haste {unknown}
 h - a potion of resistance {unknown}
 n - a potion of curing {unknown}


   Skills:
 + Level 1.7 Fighting
 + Level 1.3 Maces & Flails
 + Level 0.8 Armour
 + Level 2.0 Dodging
 + Level 2.8 Stealth
 + Level 2.4 Spellcasting
 + Level 2.0 Conjurations
 + Level 3.4 Fire Magic


You had 7 spell levels left.
You knew the following spells:

 Your Spells              Type           Power      Damage    Failure   Level
a - Foxfire               Conj/Fire      40%        2x1d6     6%          1

Your spell library contained the following spells:

 Spells                   Type           Power      Damage    Failure   Level
 Scorch                   Fire           24%        2d6       8%          2
 Beastly Appendage        Tmut           2%         N/A       21%         1
 Wereblood                Tmut           1%         N/A       30%         2
 Inner Flame              Hex/Fire       7%         N/A       30%         3
 Volatile Blastmotes      Fire/Tloc      14%        2d11      30%         3
 Spider Form              Tmut/Pois      1%         N/A       52%         3
 Flame Wave               Conj/Fire      10%        2d6       54%         4


Dungeon Overview and Level Annotations

Branches:
Dungeon (3/15)

Altars:
Gozag
Uskayaw
Yredelemnul

Annotations:
D:3 3 runed translucent doors, rogueadept's ghost, amateur HuCj


Innate Abilities, Weirdness & Mutations

You are immune to sickness and miasma.
Your stone body is resilient. (AC +4)
You are immune to poison.
You resist negative energy. (rN+)
You are resistant to electric shocks. (rElec)
You are resistant to unholy torment.
You are immune to petrification.


Message History

The orc is lightly wounded.
The orc barely misses you. The orc hits you with a +0 mace.
Casting: Foxfire (safe; 6% risk of failure)
Confirm with . or Enter, or press ? or * to list all spells.
You conjure some foxfire!
The orc hits you with a +0 mace. The orc barely misses you.
The foxfire hits the orc but does no damage.
The orc is lightly wounded.
The foxfire hits the orc but does no damage.
The orc is lightly wounded.
The orc barely misses you. The orc hits you with a +0 mace.
Casting: Foxfire (safe; 6% risk of failure)
Confirm with . or Enter, or press ? or * to list all spells.
You conjure some foxfire!
The orc hits you with a +0 mace. The orc hits you with a +0 flail!
The foxfire hits the orc.
The orc is heavily wounded.
The foxfire hits the orc.
You kill the orc!
The orc misses you.
You have reached level 5!
You hit the orc.
The orc is moderately wounded.
The orc closely misses you.
You hit the orc but do no damage.
The orc is moderately wounded.
The orc hits you but does no damage. The orc hits you with a +0 flail.
* * * LOW HITPOINT WARNING * * *
You barely miss the orc. Your punch misses the orc.
The orc is moderately wounded.
The orc closely misses you.
You closely miss the orc.
The orc is moderately wounded.
The orc hits you with a +0 flail.
* * * LOW HITPOINT WARNING * * *
The orc closely misses you.
You barely miss the orc.
The orc is moderately wounded.
The orc hits you with a +0 flail.
You die...

##### ....#########
....'.......#
....#######.# ....#
#.########
###.#######........#
###.#.....#........#
.............>.....#
................@).#
###.#.###.#.#.###o##
##..#.###.#.#.# .#
#.......###.#.# .#
#####.#.#...#.# .#
..# #.#.#.###.# .#
..# #.#.......# .#
..# #.###.###.# ..
..# #.###.##..###


You could see an orc.

Vanquished Creatures
  An orc wizard (D:3)
  A hound zombie (D:3)
  2 adders (D:2)
  5 orcs (D:3)
  7 bats
  2 endoplasms (D:1)
  2 giant cockroaches
  2 goblins
  4 hobgoblins
  3 jackals (D:3)
  4 quokkas
  A ball python (D:1)
  15 frilled lizards
  A giant cockroach zombie (D:3)
  3 kobolds
  4 rats
57 creatures vanquished.

Vanquished Creatures (others)
  175 foxfires
175 creatures vanquished.

Grand Total: 232 creatures vanquished

Notes
Turn   | Place    | Note
-------+----------+-------------------------------------------
     0 | D:1      | reriks the Gargoyle Fire Elementalist began the quest for
                  | the Orb.
     0 | D:1      | Reached XP level 1. HP: 10/10 MP: 3/3
   514 | D:1      | Reached XP level 2. HP: 7/16 MP: 1/5
  1629 | D:2      | Reached skill level 1 in Fighting
  2230 | D:2      | Reached XP level 3. HP: 20/20 MP: 3/6
  3445 | D:2      | Reached skill level 1 in Maces & Flails
  3544 | D:3      | Found an opulent altar of Gozag.
  3818 | D:3      | Reached XP level 4. HP: 25/25 MP: 5/7
  4006 | D:3      | Found a faded altar of an unknown god.
  4048 | D:3      | Found a runed translucent gate.
  4048 | D:3      | Found a runed translucent gate.
  4048 | D:3      | Found a runed translucent gate.
  4048 | D:3      | Noticed rogueadept's ghost (amateur HuCj)
  4050 | D:3      | Found a basalt altar of Yredelemnul.
  5060 | D:3      | Noticed a +0 short sword
  5061 | D:3      | Noticed a +0 spear
  5061 | D:3      | Noticed a +0 dagger
  5061 | D:3      | Noticed a +0 short sword
  5061 | D:3      | Noticed a +0 falchion
  5063 | D:3      | Noticed a +0 falchion
  5063 | D:3      | Noticed a +0 dagger
  5063 | D:3      | Noticed a +0 spear
  5065 | D:3      | Found a hide-covered altar of Uskayaw.
  5145 | D:3      | Reached XP level 5. HP: 12/30 MP: 1/8
  5149 | D:3      | Slain by an orc

Illustrated notes

Levels and vault maps discovered:
D:1:      roderic_chinese_lattice_arrival, layout_loops_ring, kennysheep_doodads
D:2:      layout_basic, minmay_lizard_king
D:3:      layout_basic, grunt_gozag_statues, nicolae_uskayaw_en_pointe,
          nicolae_yredelemnul_ghost_church,
          hellmonk_ecumenical_altar_arch_garden

Skill      XL: |  1  2  3  4 |
---------------+-------------+-----
Fighting       | 1 |  1.7
Maces & Flails | 1 |  1.3
Dodging        | 2 |  2.0
Conjurations   | 2 |  2.0
Armour         | |  0.8
Stealth        | |  2.8
Spellcasting   | |  2.4
Fire Magic     | |  3.4

Action                     |  1- 3 |  4- 6 || total
---------------------------+-------+-------++-------
  Melee: Mace              |    37 |     7 ||    44
         Unarmed           |     6 |       ||     6
         Dagger            |     2 |       ||     2
   Cast: Foxfire           |    61 |    42 ||   103
 Armour: Robe              |    21 |     8 ||    29
         Chain mail        |    18 |       ||    18
  Dodge: Dodged            |    43 |    18 ||    61

Table legend: (Time is in decaauts)
 A = Elapsed time spent in this place.
 B = Non-inter-level travel time spent in this place.
 C = Inter-level travel time spent in this place.
 D = Time resting spent in this place.
 E = Time spent auto-exploring this place.
 F = Levels seen in this place.
 G = Mean time per level.
                   A        B        C        D        E       F      G
               +--------+--------+--------+--------+--------+-----+--------+
         Total |   5163 |   5002 |    161 |   3047 |   1440 |   3 | 1721.0 |
       Dungeon |   5163 |   5002 |    161 |   3047 |   1440 |   3 | 1721.0 |
               +--------+--------+--------+--------+--------+-----+--------+

Top non-repeatable levels by time:
     D:2: 1783 daAuts
     D:1: 1739 daAuts
     D:3: 1640 daAuts
